 Dungeon Crawl Stone Soup version 0.16-a0-2568-g6e0b792 (webtiles) character file.

1042 Johnny the Chiller (level 7, -3/52 HPs)
             Began as a Demigod Ice Elementalist on Nov 21, 2014.
             Slain by an orc warrior
             ... wielding a +0 trident
              (11 damage)
             ... on level 6 of the Dungeon.
             The game lasted 00:09:41 (4850 turns).

Johnny the Chiller (Demigod Ice Elementalist)       Turns: 4850, Time: 00:09:42

Health: -3/52      AC:  6    Str: 11    XL:     7   Next: 74%
Magic:  6/17       EV:  9    Int: 21    God:
Gold:   283        SH:  0    Dex: 18    Spells: 2 memorised, 5 levels left

rFire  + . .     SeeInvis .     y - +0 halberd
rCold  . . .     Clarity  .     g - +1 ring mail
rNeg   . . .     SustAb   +     (no shield)
rPois  .         Gourm    .     (no helmet)
rElec  .         Spirit   .     (no cloak)
rCorr  .         Warding  .     (no gloves)
rMut   .         Stasis   .     (no boots)
MR     +....                    (no amulet)
Stlth  ++........               f - ring of protection from magic
                                t - ring of protection from fire

@: somewhat resistant to hostile enchantments, unstealthy
A: sustain abilities
a: no special abilities


You were on level 6 of the Dungeon.
You were hungry.

You visited 1 branch of the dungeon, and saw 6 of its levels.

You collected 283 gold pieces.

Inventory:

Hand weapons
 y - a +0 halberd (weapon)
Armour
 g - a +1 ring mail (worn)
Jewellery
 a - an uncursed ring of protection from magic
 f - a ring of protection from magic (right hand)
 t - a ring of protection from fire (left hand)
 B - an uncursed ring of flight {unknown}
Magical devices
 k - a wand of random effects (6)
 u - a wand of fire (0)
 C - a wand of fireball (6)
Scrolls
 e - 5 scrolls of enchant armour
 h - a scroll of identify
 j - a scroll of magic mapping {unknown}
 o - a scroll of silence {unknown}
 p - a scroll of immolation
 q - a scroll of fear
 w - a scroll of teleportation
 x - a scroll of blinking {unknown}
 z - a scroll of enchant weapon
 A - 2 scrolls of random uselessness {unknown}
 D - a scroll of remove curse
Potions
 i - 2 potions of cure mutation
 l - a potion of heal wounds
 n - a potion of magic {unknown}
 r - a potion of brilliance {unknown}
 s - a potion of agility {unknown}
 v - a potion of curing {unknown}
 E - a potion of poison {unknown}
Books
 b - a book of Frost

   Spells                             Type                      Level
   *Freeze                            Ice                          1
   Throw Frost                        Conjuration/Ice              2
   Ozocubu's Armour                   Charms/Ice                   3
   Throw Icicle                       Conjuration/Ice              4
   *Summon Ice Beast                  Ice/Summoning                4
   Condensation Shield                Ice                          4
Comestibles
 c - 6 bread rations
 m - a meat ration


   Skills:
 - Level 1.5 Fighting
 + Level 2.4 Polearms
 - Level 1.0 Armour
 - Level 2.0 Dodging
 - Level 2.2 Stealth
 - Level 2.0 Spellcasting
   Level 0.8 Conjurations
 * Level 4.7 Summonings
 * Level 6.0 Ice Magic
 - Level 1.4 Evocations


You had 5 spell levels left.
You knew the following spells:

 Your Spells              Type           Power        Failure   Level  Hunger
a - Freeze                Ice            ####         1%          1    #......
b - Summon Ice Beast      Ice/Summ       ###.....     30%         4    #####..


Dungeon Overview and Level Annotations

Branches:
Dungeon (6/15)             Temple (0/1) D:5


Innate Abilities, Weirdness & Mutations

Your attributes are resistant to harm.


Message History

You freeze the orc warrior.
The orc warrior is severely wounded.
Your ice beast hits the orc.
Your ice beast freezes the orc!
The orc dies!
The orc warrior hits you with a trident!!
* * * LOW HITPOINT WARNING * * *
The orc hits your ice beast.
The hobgoblin hits your ice beast but does no damage.
Your ice beast hits the orc warrior but does no damage.
Casting: Freeze
Confirm with . or Enter, or press ? or * to list all spells.
Aiming: Freeze
Press: ? - help, Shift-Dir - straight line, f/p - orc warrior
Aim: an orc warrior, wielding a trident and wearing a chain mail (severely wounded)
You freeze the orc warrior.
The orc warrior is almost dead.
Your ice beast barely misses the hobgoblin.
The orc barely misses your ice beast. The hobgoblin misses your ice beast.
The orc warrior hits you with a trident!
You die... #...# #...# ##...## #..... #..o. )go

#Y# ###o####
#.Y@...#
#......#
#......#####
#..........###
#.....<##....#
#......##....#
#......##....#
#......##....#
#########....#


You could see an orc warrior, 2 orcs, a hobgoblin and 2 friendly ice beasts.

Vanquished Creatures
  Pikel (D:5)
  A sky beast (D:5)
  An ogre (D:5)
  A vampire bat (D:3)
  A crimson imp (D:5)
  4 hounds
  An iguana (D:4)
  A killer bee zombie (D:5)
  2 worker ant zombies
  A gnoll (D:1)
  An adder (D:3)
  2 worms (D:2)
  5 giant geckos
  An orc (D:3)
  2 ball pythons
  12 bats
  6 bat skeletons (D:3)
  A bat zombie (D:3)
  2 giant cockroaches
  9 hobgoblins
  5 quokkas
  A giant newt (D:2)
  6 goblins
  8 kobolds
  8 rats
  2 butterflies (D:2)
85 creatures vanquished.

Vanquished Creatures (collateral kills)
  Blork the orc (D:5)
  2 orcs (D:6)
3 creatures vanquished.

Vanquished Creatures (others)
  A centaur (D:5)
  A kobold (D:5)
  A rat (D:5)
3 creatures vanquished.

Grand Total: 91 creatures vanquished

Notes
Turn   | Place    | Note
--------------------------------------------------------------
     0 | D:1      | Johnny, the Demigod Ice Elementalist, began the quest for the Orb.
     0 | D:1      | Reached XP level 1. HP: 14/14 MP: 3/3
   305 | D:1      | Reached XP level 2. HP: 20/22 MP: 2/4
   307 | D:1      | Reached skill level 1 in Fighting
   557 | D:1      | Reached skill level 3 in Ice Magic
   977 | D:2      | Reached XP level 3. HP: 12/28 MP: 0/7
  1256 | D:2      | Found a shimmering altar of Xom.
  1520 | D:2      | Reached skill level 1 in Armour
  1520 | D:2      | Reached skill level 1 in Evocations
  1520 | D:2      | Reached XP level 4. HP: 22/35 MP: 0/10
  1531 | D:2      | Learned a level 4 spell: Summon Ice Beast
  2682 | D:3      | Found an ancient bone altar of Kikubaaqudgha.
  2686 | D:3      | Reached skill level 1 in Summonings
  2783 | D:3      | Reached XP level 5. HP: 35/40 MP: 9/12
  2920 | D:4      | Reached skill level 4 in Ice Magic
  3723 | D:5      | Entered Level 5 of the Dungeon
  3723 | D:5      | Found a staircase to the Ecumenical Temple.
  3828 | D:5      | Reached XP level 6. HP: 29/47 MP: 7/14
  3981 | D:5      | Noticed an ogre
  3989 | D:5      | Killed an ogre
  4023 | D:5      | Noticed a sky beast
  4034 | D:5      | Killed a sky beast
  4034 | D:5      | Reached skill level 1 in Polearms
  4034 | D:5      | Reached skill level 5 in Ice Magic
  4077 | D:5      | Noticed Pikel
  4084 | D:5      | Noticed a slave
  4085 | D:5      | Noticed a slave
  4086 | D:5      | Noticed a slave
  4086 | D:5      | Noticed a slave
  4087 | D:5      | Killed Pikel
  4087 | D:5      | Reached XP level 7. HP: 33/52 MP: 1/17
  4634 | D:5      | Noticed Blork the orc
  4640 | D:5      | Killed Blork the orc
  4640 | D:5      | Reached skill level 6 in Ice Magic
  4850 | D:6      | Slain by an orc warrior

Action                   |  1- 3 |  4- 6 |  7- 9 || total
-------------------------+-------+-------+-------++-------
Melee: Unarmed           |    17 |       |       ||    17
       Dagger            |    50 |     7 |       ||    57
       Falchion          |       |   124 |       ||   124
       Halberd           |       |     6 |    22 ||    28
 Cast: Freeze            |    43 |    61 |     5 ||   109
       Summon Ice Beast  |       |       |     3 ||     3
Evoke: Wand              |       |     6 |       ||     6
  Use: Scroll            |     1 |     9 |       ||    10
       Potion            |       |     1 |       ||     1
 Stab: Sleeping          |       |     1 |       ||     1
  Eat: Chunk             |     2 |     8 |     1 ||    11
       Pizza             |       |     1 |       ||     1
       Royal jelly       |       |       |     1 ||     1
